 Dungeon Crawl Stone Soup version 0.27-a0-972-gd1521fd518 (webtiles) character file.

Game seed: 16589876950886549613

6386 Glokmah the Covert (level 11, -3/57 HPs)
             Began as a Kobold Artificer on Apr 14, 2021.
             Was a Believer of Hepliaklqana.
             Slain by a komodo dragon (21 damage)
             ... on level 2 of the Lair of Beasts.
             The game lasted 00:43:33 (16279 turns).

Glokmah the Covert (Kobold Artificer)              Turns: 16279, Time: 00:43:34

Health: -3/57      AC: 12    Str:  9    XL:     11   Next: 17%
Magic:  12/17      EV: 14    Int: 13    God:    Hepliaklqana [**....]
Gold:   668        SH:  0    Dex: 19    Spells: 9/18 levels left

rFire    . . .     SeeInvis .   a - +1 dagger (elec)
rCold    . . .     Faith    .   (shield restricted)
rNeg     + . .     Spirit   .   L - +3 ring mail
rPois    +         Reflect  .   (no helmet)
rElec    .         Harm     .   m - +1 cloak {rPois}
rCorr    .         Rampage  .   g - +0 pair of gloves
Will     .....                  n - +0 pair of boots
Stlth    +++++.....             (no amulet)
HPRegen  0.19/turn              F - ring of positive energy
MPRegen  0.15/turn              (no ring)

@: confusing by touch, very slightly contaminated
A: reduced essence, small, no large weapons, nightstalker 3
a: Renounce Religion, Recall Ancestor, Ancestor Identity


You were on level 2 of the Lair of Beasts.
You worshipped Hepliaklqana.
Hepliaklqana was pleased with you.
You visited 2 branches of the dungeon, and saw 10 of its levels.
You also visited: Sewer.

You collected 668 gold pieces.

Inventory:

Hand Weapons
 a - a +1 dagger of electrocution (weapon)
 b - a +0 rapier
 c - a +1 shortbow of flaming
Missiles
 f - 343 stones
 p - 56 poisoned darts (quivered)
 v - 108 arrows
 z - 3 throwing nets
 J - 8 boomerangs
Armour
 g - a +0 pair of gloves (worn)
 m - a +1 cloak of poison resistance (worn)
 n - a +0 pair of boots (worn)
 L - a +3 ring mail (worn)
Jewellery
 x - a ring of fire
 F - a ring of positive energy (left hand)
 I - a ring of see invisible
Wands
 d - a wand of charming (12)
 l - a wand of mindburst (14)
 u - a wand of flame (63)
 G - a wand of paralysis (5)
Scrolls
 j - a scroll of amnesia
 k - a scroll of brand weapon
 o - 2 scrolls of noise
 q - 4 scrolls of teleportation
 D - a scroll of immolation
 H - a scroll of magic mapping
Potions
 h - 2 potions of attraction
 i - 4 potions of curing
 r - a potion of cancellation
 s - 3 potions of flight
 t - a potion of might {unknown}
 w - 2 potions of resistance
 A - 2 potions of brilliance
 B - a potion of heal wounds
 C - a potion of haste {unknown}
Miscellaneous
 e - a piece from Xom's chessboard (14/15)
 y - a box of beasts


   Skills:
 + Level 5.9 Fighting
 * Level 9.6 Short Blades
 + Level 2.6 Armour
 - Level 4.0 Dodging
 - Level 10.0 Stealth
 - Level 4.0 Spellcasting
 * Level 6.4 Hexes
 - Level 3.4 Translocations
 + Level 1.8 Ice Magic
 - Level 1.3 Invocations
 * Level 7.7 Evocations


You had 9 spell levels left.
You knew the following spells:

 Your Spells              Type           Power      Damage    Failure   Level
a - Apportation           Tloc           22%        N/A       14%         1
b - Ensorcelled Hibernat  Hex/Ice        26%        N/A       16%         2
c - Confusing Touch       Hex            19%        N/A       12%         3
d - Tukima's Dance        Hex            19%        N/A       12%         3

Your spell library contained the following spells:

 Spells                   Type           Power      Damage    Failure   Level
 Corona                   Hex            21%        N/A       4%          1
 Slow                     Hex            19%        N/A       6%          2
 Portal Projectile        Hex/Tloc       30%        N/A       22%         3
 Cause Fear               Hex            9%         N/A       36%         4
 Gell's Gravitas          Tloc           5%         N/A       38%         3
 Dazzling Flash           Conj/Hex       20%        N/A       41%         3
 Inner Flame              Hex/Fire       10%        N/A       41%         3
 Animate Skeleton         Necr           4%         N/A       50%         1
 Beastly Appendage        Tmut           4%         N/A       50%         1
 Summon Small Mammal      Summ           8%         N/A       50%         1
 Wereblood                Tmut           2%         N/A       63%         2
 Leda's Liquefaction      Hex/Erth       5%         N/A       83%         4
 Spider Form              Tmut/Pois      1%         N/A       86%         3
 Metabolic Englaciation   Hex/Ice        6%         N/A       96%         5
 Ice Form                 Ice/Tmut       5%         N/A       98%         4
 Petrify                  Tmut/Erth      2%         N/A       99%         4
 Yara's Violent Unravell  Hex/Tmut       5%         3d4       99%         5
 Hydra Form               Tmut           1%         N/A       100%        5


Dungeon Overview and Level Annotations

Branches:
Dungeon (8/15)             Temple (0/1) D:7            Lair (2/6) D:8
  Sewer (visited)
  Swamp: Lair:2-4    Shoals: Lair:2-4     Snake: Lair:2-4    Spider: Lair:2-4

Altars:
Cheibriados
Fedhas
Gozag
Hepliaklqana
Kikubaaqudgha
Ru
Vehumet

Shops:
D:6 :


Innate Abilities, Weirdness & Mutations

Your life essence is reduced to manifest your ancestor. (-10% HP)
You are small and have problems with some larger weapons.
You are completely attuned to the shadows.


Message History

You closely miss the rime drake.
The rime drake is severely wounded.
The rime drake bites you but does no damage.
You closely miss the rime drake.
The rime drake is severely wounded.
Servius points at the rime drake and mumbles some strange words.
The rime drake seems to slow down.
The rime drake bites Servius.
You strike the helpless rime drake from behind!
You perforate the rime drake like a sieve!!!
Lightning courses through the rime drake!
You kill the rime drake!
The ice encasing you melts away.
You see here a rime drake corpse.
You start resting.
Ancestor HP restored.
You start resting.
HP restored.
You swap places.
f - 343 stones (gained 20)
The komodo dragon hisses menacingly.
The komodo dragon bites you!
Casting: Ensorcelled Hibernation (safe; 16% risk of failure)
Confirm with . or Enter, or press ? or * to list all spells.
Aiming: Ensorcelled Hibernation (safe; 16% risk of failure)
Press: ? - help, Shift-Dir - straight line, f - komodo dragon
Aim: a komodo dragon (ally target, chance to affect: 27%)
You miscast Ensorcelled Hibernation.
You are very lightly contaminated with residual magic.
Nothing appears to happen.
Servius points at the komodo dragon and mumbles some strange words.
The komodo dragon easily resists.
The komodo dragon bites you!!
You hit the komodo dragon but do no damage.
Servius points at the komodo dragon and mumbles some strange words.
The komodo dragon easily resists.
The komodo dragon barely misses you.
Servius barely misses the komodo dragon.
Unknown command.
Casting: Ensorcelled Hibernation (safe; 16% risk of failure)
Confirm with . or Enter, or press ? or * to list all spells.
Your hands begin to glow red.
The komodo dragon bites you!!
You die...

####### ###........#
......### ## #.......####
.......P#### #.###....†###
..........P## #...[...##
............######.....#.#
......##......#.P.....####
...............P......#
###......##..........##
##............@.R.#.#
.........l..###
.............#
.......#...## .........#
....#..... ..##.....


You could see the friendly Servius the hexer and a komodo dragon (ally target).

Vanquished Creatures
  Joseph (D:8)
  A torpor snail (Lair:2)
  Maurice (D:8)
  A rime drake (Lair:2)
  6 yaks (Lair:2)
  4 water moccasins
  An orc warrior (D:7)
  An ogre (D:7)
  3 sky beasts
  A centaur (D:6)
  A kobold brigand (Sewer)
  2 scorpions
  A gnoll sergeant (D:8)
  7 bullfrogs
  A water moccasin zombie (D:5)
  A jelly (D:5)
  4 orc priests
  2 bullfrog skeletons
  A centaur skeleton (D:5)
  2 hounds
  3 iguanas
  An orc wizard (D:7)
  2 hell rats
  A killer bee zombie (D:6)
  A howler monkey zombie (D:5)
  10 adders
  2 gnolls
  4 river rats
  A white imp (D:7)
  An adder zombie (D:2)
  4 worms
  3 dart slugs
  13 orcs
  6 ball pythons
  10 endoplasms
  6 giant cockroaches
  9 hobgoblins
  10 jackals
  12 kobolds
  4 quokkas
  7 bats
  4 frilled lizards
  8 goblins
  6 rats
170 creatures vanquished.

Vanquished Creatures (collateral kills)
  A cane toad (Lair:1)
  2 komodo dragons (Lair:1)
  2 yaks (Lair:2)
  2 water moccasins
  A sky beast (D:7)
  A black bear (D:8)
  2 bullfrogs
  2 wights (D:8)
  A howler monkey (D:6)
  2 orc wizards (D:6)
  2 gnolls (D:8)
  2 adders (D:4)
  A white imp (D:8)
  An adder skeleton (D:4)
  A worm (Sewer)
  5 orcs
  A ball python (Sewer)
  A giant cockroach (D:5)
  A quokka (D:5)
  2 rats (D:8)
33 creatures vanquished.

Vanquished Creatures (others)
  3 hexers (Lair:2)
  3 ancestors
  A jackal (D:1)
  7 fungi (Lair:2)
  5 plants
19 creatures vanquished.

Grand Total: 222 creatures vanquished

Notes
Turn   | Place    | Note
-------+----------+-------------------------------------------
     0 | D:1      | Glokmah the Kobold Artificer began the quest for the Orb.
     0 | D:1      | Reached XP level 1. HP: 12/12 MP: 1/1
   205 | D:1      | Reached XP level 2. HP: 11/16 MP: 2/2
   350 | D:1      | Reached skill level 2 in Stealth
  1081 | D:1      | Reached XP level 3. HP: 13/20 MP: 3/3
  2128 | D:2      | Reached skill level 1 in Short Blades
  2462 | D:2      | Reached XP level 4. HP: 8/26 MP: 4/4
  2508 | D:2      | Reached skill level 3 in Stealth
  2737 | D:2      | You fall into a shaft and drop 1 floor!
  3228 | D:2      | Found a faded altar of an unknown god.
  3478 | D:2      | You fall into a shaft and drop 1 floor!
  3496 | D:3      | Reached XP level 5. HP: 26/30 MP: 5/5
  4808 | D:4      | Identified a scroll of acquirement
  4808 | D:4      | Acquired a +0 cloak of poison resistance
  5001 | D:4      | Reached skill level 4 in Stealth
  5322 | D:4      | Reached skill level 5 in Evocations
  5322 | D:4      | Reached XP level 6. HP: 31/36 MP: 6/6
  5388 | D:4      | Found a snail-covered altar of Cheibriados.
  5388 | D:4      | Found a hazy altar of Hepliaklqana.
  5390 | D:4      | Found a radiant altar of Vehumet.
  5529 | D:4      | Found a sacrificial altar of Ru.
  5572 | D:4      | Became a worshipper of Hepliaklqana the Forgotten
  6334 | D:5      | Entered Level 5 of the Dungeon
  6371 | D:5      | Found a glowing drain.
  6384 | Sewer    | Entered a sewer
  6730 | Sewer    | Reached skill level 5 in Stealth
  6837 | Sewer    | Reached XP level 7. HP: 36/36 MP: 7/7
  7096 | D:5      | Learned a level 1 spell: Apportation
  7132 | D:5      | Learned a level 2 spell: Ensorcelled Hibernation
  7203 | D:5      | Reached * piety under Hepliaklqana
  7814 | D:5      | Reached skill level 6 in Stealth
  7837 | D:5      | Found a blossoming altar of Fedhas.
  8060 | D:6      | Reached skill level 1 in Hexes
  8060 | D:6      | Reached XP level 8. HP: 33/41 MP: 8/8
  8072 | D:6      | Reached skill level 5 in Short Blades
  8078 | D:6      | Reached skill level 1 in Spellcasting
  8078 | D:6      | Reached skill level 1 in Translocations
  8607 | D:6      | Found Oqicheur's Book Boutique.
  9227 | D:6      | Noticed a gargoyle
  9421 | D:6      | Reached skill level 7 in Stealth
  9701 | D:7      | Reached XP level 9. HP: 11/46 MP: 11/11
 10358 | D:7      | Found an ancient bone altar of Kikubaaqudgha.
 10466 | D:7      | Found a staircase to the Ecumenical Temple.
 10475 | D:7      | Reached skill level 8 in Stealth
 11466 | D:8      | Noticed Joseph
 11492 | D:8      | Killed Joseph
 11726 | D:8      | Noticed Maurice
 12494 | D:8      | Reached skill level 9 in Stealth
 12535 | D:7      | Reached skill level 1 in Armour
 12535 | D:7      | Reached XP level 10. HP: 49/52 MP: 14/14
 12560 | D:8      | Killed Maurice
 12561 | D:8      | Reached skill level 1 in Invocations
 12702 | D:8      | Noticed a death yak
 12940 | D:8      | Noticed a death yak
 13106 | D:8      | Found a runed translucent gate.
 13106 | D:8      | Found a runed translucent gate.
 13106 | D:8      | Found a runed translucent gate.
 13108 | D:8      | Found an opulent altar of Gozag.
 13113 | D:8      | Noticed a deep troll
 13492 | D:8      | Noticed a death yak
 13702 | D:8      | Reached ** piety under Hepliaklqana
 13703 | D:8      | Remembered your ancestor Servius as a hexer
 13714 | D:8      | Found a staircase to the Lair.
 13832 | Lair:1   | Entered Level 1 of the Lair of Beasts
 13854 | Lair:1   | Reached skill level 5 in Fighting
 13854 | Lair:1   | Noticed a komodo dragon
 13869 | Lair:1   | Killed a komodo dragon
 13870 | Lair:1   | Reached skill level 5 in Hexes
 14073 | Lair:1   | Learned a level 3 spell: Confusing Touch
 14077 | Lair:1   | Learned a level 3 spell: Tukima's Dance
 14393 | Lair:1   | Noticed a komodo dragon
 14393 | Lair:1   | Noticed a cane toad
 14548 | Lair:1   | Killed a cane toad
 14557 | Lair:1   | Killed a komodo dragon
 15097 | Lair:2   | Reached skill level 10 in Stealth
 15383 | Lair:2   | Noticed an elephant
 15386 | Lair:2   | Noticed an elephant
 15386 | Lair:2   | Noticed an elephant
 15387 | Lair:2   | Noticed an elephant
 15388 | Lair:2   | Noticed an elephant
 15661 | Lair:2   | Noticed a torpor snail
 15665 | Lair:2   | Killed a torpor snail
 15666 | Lair:2   | Reached skill level 1 in Ice Magic
 15666 | Lair:2   | Reached XP level 11. HP: 57/57 MP: 13/17
 15772 | Lair:2   | Noticed an elephant
 16279 | Lair:2   | Slain by a komodo dragon

Illustrated notes

Levels and vault maps discovered:
D:1:      psy_arrival_spokes, layout_loops_ring, serial_forest,
          infiniplex_forest_lined_corner, infiniplex_forest_corner_1,
          infiniplex_forest_clump_curved, infiniplex_forest_end_2,
          infiniplex_forest_clump_double
D:2:      layout_basic, shapermc_ecumenical_altar_mp_highgroup
D:3:      layout_loops_ring, st_stairs_9, kennysheep_generic_room_6
D:4:      layout_loops_cross, grunt_temple_overflow_cloverleaf,
          roderic_roman_lattice, chequers_serial_rivers_room_b,
          minmay_misc_feat_alley
D:5:      wad_crossroads, layout_basic, fedhas_ov_isle_minmay,
          portal_sewer_entry_f
D:6:      layout_basic, serial_shops, shop
D:7:      layout_loops_ring, lemuel_round_altar, minmay_temple_entry_arrows,
          kennysheep_doodads
D:8:      layout_layer_cave, dpeg_lair_monsters, ebering_ghost_gozag,
          nrook_uturn, uniq_maurice, uniq_joseph
Lair:1:   layout_roguey, serial_bayou_shore_b, grunt_megastairs_4
Lair:2:   layout_hall_layers, hangedman_lair_generics_rect

Skill      XL: |  1  2  3  4  5  6  7  8  9 10 |
---------------+-------------------------------+-----
Stealth        | 2 3 4 5 6 7 9 10 | 10.0
Evocations     | 4 5 6 7 |  7.7
Short Blades   | 1 2 3 4 6 7 9 |  9.6
Dodging        | 3 4 |  4.0
Fighting       | 2 3 4 5 |  5.9
Hexes          | 1 2 4 6 |  6.4
Spellcasting   | 1 3 4 |  4.0
Translocations | 2 3 |  3.4
Armour         | 1 2 |  2.6
Invocations    | 1 |  1.3
Ice Magic      | 1 |  1.8

Action                   |  1- 3 |  4- 6 |  7- 9 | 10-12 || total
-------------------------+-------+-------+-------+-------++-------
Melee: Dagger            |   220 |   225 |   294 |   124 ||   863
       Club              |     7 |       |       |       ||     7
       Short sword       |       |    64 |       |       ||    64
 Fire: Shortbow          |       |     1 |       |       ||     1
Throw: Dart              |       |       |     9 |     6 ||    15
 Cast: Ensorcelled Hiber |       |       |     2 |    16 ||    18
       Confusing Touch   |       |       |       |     4 ||     4
Invok: Ancestor Identity |       |       |     2 |     1 ||     3
       Recall Ancestor   |       |       |     2 |     1 ||     3
       Ancestor Life: He |       |       |       |     1 ||     1
Evoke: Wand              |     6 |     6 |    15 |     3 ||    30
       Piece from Xom's  |     9 |     4 |     5 |     3 ||    21
  Use: Scroll            |       |    14 |     2 |     8 ||    24
       Potion            |       |       |     2 |     1 ||     3
 Stab: Sleeping          |    14 |    26 |    12 |    10 ||    62
       Paralysed         |     1 |       |     1 |     1 ||     3
       Confused          |     1 |       |       |     2 ||     3
       Distracted        |       |       |     3 |     2 ||     5
Armor: Leather armour    |    50 |    71 |    52 |       ||   173
       Ring mail         |       |       |     5 |    19 ||    24
Dodge: Dodged            |   135 |   212 |   173 |    49 ||   569

Table legend: (Time is in decaauts)
 A = Elapsed time spent in this place.
 B = Non-inter-level travel time spent in this place.
 C = Inter-level travel time spent in this place.
 D = Time resting spent in this place.
 E = Time spent auto-exploring this place.
 F = Levels seen in this place.
 G = Mean time per level.
                   A        B        C        D        E       F      G
               +--------+--------+--------+--------+--------+-----+--------+
         Total |  16198 |  15208 |    990 |   4965 |   6310 |  11 | 1472.5 |
       Dungeon |  13087 |  12232 |    855 |   3911 |   5499 |   8 | 1635.9 |
          Lair |   2413 |   2278 |    135 |   1054 |    303 |   2 | 1206.5 |
         Sewer |    698 |    698 |      0 |      0 |    507 |   1 |  698.0 |
               +--------+--------+--------+--------+--------+-----+--------+

Top non-repeatable levels by time:
     D:7: 2820 daAuts
     D:1: 2171 daAuts
     D:6: 1818 daAuts
     D:3: 1417 daAuts
     D:4: 1391 daAuts
     D:2: 1330 daAuts
  Lair:1: 1262 daAuts
  Lair:2: 1151 daAuts
     D:8: 1073 daAuts
     D:5: 1063 daAuts
   Sewer: 698 daAuts
